 Dungeon Crawl Stone Soup version 0.31-a0-233-g139696dc86 (webtiles) character file.

Game seed: 4856957067289137882

72 qw the Shooter (level 4, -2/36 HPs)
             Began as a Minotaur Hexslinger on July 8, 2023.
             Slain by a goblin
             ... wielding a +0 club
             ... led by Robin
              (3 damage)
             ... on level 2 of the Dungeon.
             The game lasted 00:00:33 (1348 turns).

qw the Shooter (Minotaur Hexslinger)                Turns: 1348, Time: 00:00:33

Health: -2/36      AC:  3    Str: 13    XL:     4   Next: 7%
Magic:  4/4        EV: 12    Int: 10    God:
Gold:   1          SH:  0    Dex: 14    Spells: 4/5 levels left

rFire   . . .        Y - +1 sling
rCold   . . .        (no shield)
rNeg    . . .        c - +0 robe
rPois   .            (helmet restricted)
rElec   .            (no cloak)
rCorr   .            (no gloves)
SInv    .            e - +0 pair of boots
Will    .....        (no amulet)
Stlth   +            (no ring)
HPRegen 0.26/turn    (no ring)
MPRegen 0.09/turn

%: no passive effects
@: no status effects
A: horns 2, retaliatory headbutt
a: no special abilities


You were on level 2 of the Dungeon.
You visited 1 branch of the dungeon, and saw 2 of its levels.

You collected 145 gold pieces.
You spent 144 gold pieces at shops.


Innate Abilities, Weirdness & Mutations

You have a pair of horns on your head.
You reflexively headbutt those who attack you in melee.


   Skills:
 - Level 2.0 Fighting
 + Level 4.6 Ranged Weapons
 - Level 2.1 Dodging
 - Level 1.0 Spellcasting
 - Level 2.0 Hexes


You had 4 spell levels left.
You knew the following spells:

 Your Spells              Type           Power      Damage    Failure   Level
a - Slow                  Hex            16%        N/A       16%         1

Your spell library contained the following spells:

 Spells                   Type           Power      Damage    Failure   Level
 Inner Flame              Hex/Fire       2%         N/A       56%         3
 Portal Projectile        Hex/Tloc       4%         N/A       56%         3
 Cause Fear               Hex            2%         N/A       83%         4

Inventory:

Hand Weapons
 Y - a +1 sling (weapon)
Armour
 c - a +0 robe (worn)
 e - a +0 pair of boots (worn)
 n - a +0 ring mail
Jewellery
 j - a ring of flight
Scrolls
 a - a scroll of torment {unknown}
 b - a scroll of blinking {unknown}
 i - a scroll of teleportation {unknown}
 l - a scroll of immolation {unknown}
Potions
 d - a potion of might {unknown}
 f - a potion of ambrosia {unknown}
 g - a potion of brilliance {unknown}
 h - a potion of curing {unknown}
 k - a potion of enlightenment {unknown}
 m - a potion of mutation {unknown}
 o - a potion of resistance {unknown}

Dungeon Overview and Level Annotations

Branches:
Dungeon (2/15)

Altars:

Shops:
D:2 *

Annotations:
D:2 Robin


Message History

You kill the goblin!
You shoot a sling bullet.
The sling bullet hits the hobgoblin but does no damage.
The hobgoblin closely misses you.
You shoot a sling bullet. The sling bullet hits the hobgoblin.
You kill the hobgoblin!
Robin throws the goblin at you! The goblin closely misses you.
A goblin comes into view. It is wielding a +0 dagger.
The kobold throws a stone.
The stone closely misses you. The hobgoblin closely misses you.
You furiously retaliate!
You headbutt the hobgoblin. You shoot a sling bullet.
The sling bullet closely misses the hobgoblin.
The goblin hits you with a +0 club.
The kobold throws a stone.
The stone hits you. The goblin completely misses you. The hobgoblin hits you.
Robin hits you from afar with a +0 trident.
The goblin hits you with a +0 club. The hobgoblin hits you.
The goblin misses you.
You shoot a sling bullet. The sling bullet hits the hobgoblin.
The hobgoblin is almost dead.
Robin closely misses you. The goblin closely misses you.
The goblin hits you with a +0 dagger. The kobold barely misses you.
You furiously retaliate!
You headbutt the kobold.
You kill the kobold!
The hobgoblin closely misses you.
You shoot a sling bullet. The sling bullet hits the hobgoblin.
You kill the hobgoblin!
Robin points. "Kill!"
Robin throws the goblin at you! The goblin closely misses you. x2
The goblin barely misses you.
You shoot a sling bullet. The sling bullet hits the goblin.
The goblin is heavily wounded.
Robin throws the goblin at you! The goblin hits you with a +0 club.
The goblin hits you but does no damage. The goblin barely misses you.
The goblin hits you with a +0 dagger. The goblin hits you but does no damage.
You shoot a sling bullet. The sling bullet hits the goblin.
You kill the goblin!
Robin hits you from afar with a +0 trident!
The goblin hits you with a +0 club.
You die...

#...# #############...#
....# ................#
#....# ...# #######...#
.)).# ..# #.....##....
..# #.#...#....
..#########......g.###
..##.......(...g))...#
........<.......@....#
##.............ggg...#
..##....%......#######
#..#........)..#
...............#
###.........>..########
###...................##
.........#%....####....#
.........#.>...# ######


You could see Robin and 4 goblins.

Vanquished Creatures
  3 adders (D:2)
  4 endoplasms
  3 giant cockroaches
  7 goblins
  5 hobgoblins
  2 jackals (D:1)
  6 kobolds
  3 quokkas
  A ball python (D:1)
  3 bats
  A frilled lizard (D:1)
  4 rats
42 creatures vanquished.

Notes
Turn   | Place    | Note
-------+----------+-------------------------------------------
     0 | D:1      | qw the Minotaur Hexslinger began the quest for the Orb.
     0 | D:1      | Reached XP level 1. HP: 16/16 MP: 1/1
     0 | D:1      | 0 ||| qw: Version: 0.3-a-46-gb1f654a
     0 | D:1      | 0 ||| qw: Game counter: 3361
     0 | D:1      | 0 ||| qw: Melee chars always use a shield: true
     0 | D:1      | 0 ||| qw: God list: Okawaru
     0 | D:1      | 0 ||| qw: Allow faded altars: false
     0 | D:1      | 0 ||| qw: Do Orc after clearing Dungeon:15 true
     0 | D:1      | 0 ||| qw: Do second Lair branch before Depths: true
     0 | D:1      | 0 ||| qw: Lair rune preference: random
     0 | D:1      | 0 ||| qw: Goals: Normal
     0 | D:1      | 0 ||| PLANNING D:1-11
   162 | D:1      | Reached skill level 3 in Ranged Weapons
   182 | D:1      | Reached XP level 2. HP: 23/23 MP: 2/2
   884 | D:1      | 884 ||| UPGRADING to +0 pair of boots.
   889 | D:1      | 889 ||| DROPPING scroll of poison.
  1010 | D:2      | Reached XP level 3. HP: 20/29 MP: 3/3
  1016 | D:2      | 1016 ||| FLEEEEING.
  1017 | D:2      | 1017 ||| FLEEEEING.
  1018 | D:2      | 1018 ||| FLEEEEING.
  1019 | D:2      | 1019 ||| FLEEEEING.
  1020 | D:2      | 1020 ||| FLEEEEING.
  1021 | D:2      | 1021 ||| FLEEEEING.
  1022 | D:2      | 1022 ||| FLEEEEING.
  1023 | D:2      | 1023 ||| FLEEEEING.
  1024 | D:2      | 1024 ||| FLEEEEING.
  1025 | D:2      | 1025 ||| FLEEEEING.
  1026 | D:2      | 1026 ||| FLEEEEING.
  1027 | D:2      | 1027 ||| FLEEEEING.
  1028 | D:2      | 1028 ||| FLEEEEING.
  1029 | D:2      | 1029 ||| FLEEEEING.
  1030 | D:2      | 1030 ||| FLEEEEING.
  1031 | D:2      | 1031 ||| STAIRDANCE
  1047 | D:1      | 1047 ||| READING scroll labelled OVEH AT POHIGI.
  1215 | D:2      | Reached skill level 4 in Ranged Weapons
  1242 | D:2      | Found Likhuesm's Assorted Antiques.
  1278 | D:2      | 1278 ||| BUYING fuming emerald potion (22 gold).
  1278 | D:2      | Bought a fuming emerald potion for 22 gold pieces
  1278 | D:2      | 1278 ||| BUYING ring mail (100 gold).
  1278 | D:2      | Bought a ring mail for 100 gold pieces
  1278 | D:2      | 1278 ||| BUYING ruby potion (22 gold).
  1278 | D:2      | Bought a ruby potion for 22 gold pieces
  1278 | D:2      | 1278 ||| SHOPLISTING scroll labelled PEXAFA RYOZUR (25
                  | gold, have 1).
  1278 | D:2      | 1278 ||| SHOPLISTING scroll labelled YRREARCHUYDD (25 gold,
                  | have 1).
  1278 | D:2      | 1278 ||| SHOPLISTING smoky brown potion (22 gold, have 1).
  1278 | D:2      | 1278 ||| SHOPLISTING smoky puce potion (22 gold, have 1).
  1337 | D:2      | Noticed Robin
  1339 | D:2      | Reached XP level 4. HP: 36/36 MP: 4/4
  1347 | D:2      | HP: 9/36 [goblin/+0 dagger[Robin] (5)]
  1348 | D:2      | HP: 1/36 [Robin/+0 trident (8)]
  1348 | D:2      | Slain by a goblin

Levels and vault maps discovered:
D:1:      onia_arrival_mini_maze_b, layout_basic
D:2:      layout_rooms, serial_shops, nicolae_shop_dealshenge, uniq_robin

Skill      XL: |  1  2  3 |
---------------+----------+-----
Ranged Weapons | 3 4 |  4.6
Fighting       | 2 |  2.0
Dodging        | |  2.1
Spellcasting   | |  1.0
Hexes          | |  2.0

Action                     |  1- 3 |  4- 6 || total
---------------------------+-------+-------++-------
   Fire: Sling             |   116 |    10 ||   126
    Use: Scroll            |     1 |       ||     1
 Armour: Robe              |     9 |     4 ||    13
  Dodge: Dodged            |    26 |    14 ||    40

Table legend:
 A = Non-vault XP
 B = Vault XP
 C = Vault XP percentage of total XP
 D = Non-vault monster count
 E = Vault monster count
 F = Vault count percentage of total count
                 A         B        C        D         E       F
            +---------+---------+-------+---------+---------+-------
      Total |      91 |      15 |  14.2 |      33 |       9 |  21.4
            +---------+---------+-------+---------+---------+-------
        D:1 |      28 |       1 |   3.4 |      17 |       1 |   5.6
        D:2 |      63 |      14 |  18.2 |      16 |       8 |  33.3
            +---------+---------+-------+---------+---------+-------
